AoeStats
← CazadorGT

Nomad

509188037Analyzed
4v4 RM · 7d ago on Sep 25, 2026· 41m 7s· 8 players
Game mode
Random Map
Map size
231×231
Population
200
Speed
Normal
Resources
Standard
Victory
Conquest
Starting age
Dark Age
Ending age
Imperial Age
RankedLock teamsTeams togetherTeam positionsShared explorationLock speedFull tech treeHidden civsTurbo modeCheats
Victory
Defeat
🇬🇹 Spanish · Guatemala
1362
+8
🇨🇴 Vietnamese · Colombia
1315
+10
🇬🇹 Malians · Guatemala
1163
+16
🇮🇹 Dravidians · Italy
1081
+18
🇷🇺 Japanese · Russia
1247
-16
🇦🇷 Turks · Argentina
1188
-14
🇩🇪 Franks · Germany
1124
-11
🇺🇸 Danes · United States
1120
-11
LastManStandin_1
7:42 Loom
14:28 Feudal Age
14:35 Man-at-Arms
19:46 Forging
22:55 Castle Age
21:49 Scale Mail Armor
21:58 Gold Mining
22:08 Double-Bit Axe
24:36 Long Swordsman
25:25 Stone Mining
39:16 Wheelbarrow
38:53 Fletching
Mknolix
5:20 Loom
13:17 Feudal Age
13:45 Fishing Lines
14:14 Double-Bit Axe
20:56 Castle Age
19:33 Wheelbarrow
19:34 Fletching
19:47 Padded Archer Armor
21:59 Bodkin Arrow
21:58 Gillnets
22:19 Medium Warships
26:59 Imperial Age
28:40 Bow Saw
30:44 Heavy Warships
32:29 Scale Barding Armor
33:35 Bloodlines
33:26 Husbandry
37:09 Artillery
38:52 Elite Cannon Galleon
41:46 Conscription
42:30 Two-Man Saw
kamikate
4:07 Loom
16:21 Feudal Age
20:09 Castle Age
19:43 Stone Mining
20:43 Gold Mining
21:34 Pikeman
23:06 Wheelbarrow
22:44 Fishing Lines
24:20 Husbandry
24:16 Fletching
27:42 Bodkin Arrow
30:00 Hand Cart
32:32 Double-Bit Axe
35:56 Forging
GabbyMister
4:02 Loom
14:51 Feudal Age
20:13 Castle Age
18:59 Double-Bit Axe
19:13 Gold Mining
19:56 Fletching
20:11 Stone Mining
21:26 Wheelbarrow
22:10 Bodkin Arrow
25:08 Gold Shaft Mining
25:23 Elite Skirmisher
28:44 Bow Saw
28:45 Thumb Ring
29:13 Hand Cart
32:04 Fishing Lines
37:58 Scale Mail Armor
39:50 Forging
39:55 Chain Mail Armor
39:46 Horse Collar
CazadorGT
8:05 Loom
13:09 Feudal Age
14:45 Double-Bit Axe
16:04 Loom
18:45 Castle Age
17:38 Forging
20:37 Iron Casting
20:09 Fishing Lines
22:41 Squires
25:37 Bow Saw
25:35 Scale Mail Armor
27:57 Chain Mail Armor
28:43 Gillnets
34:24 Imperial Age
33:17 Fletching
34:37 Wheelbarrow
33:48 Town Watch
33:51 Horse Collar
35:03 Bodkin Arrow
35:02 Elite Gbeto
36:55 Heavy Plow
36:37 Demolition Ship
37:30 Medium Warships
37:34 Tigui
39:16 Plate Mail Armor
39:31 Town Patrol
Juan_DavidMLL
7:19 Loom
13:42 Feudal Age
16:03 Town Watch
16:21 Town Watch
16:59 Town Watch
19:23 Castle Age
17:36 Town Watch
19:36 Town Watch
19:39 Double-Bit Axe
21:13 Bow Saw
23:06 Fletching
25:17 Bodkin Arrow
26:49 Horse Collar
27:01 Gold Mining
29:57 Padded Archer Armor
37:33 Ballistics
40:05 Wheelbarrow
40:59 Wheelbarrow
verbumdei76
7:56 Loom
16:45 Feudal Age
17:44 Double-Bit Axe
20:59 Town Watch
24:15 Castle Age
23:42 Fletching
23:34 Fishing Lines
28:13 Scale Mail Armor
29:40 Wheelbarrow
29:33 Medium Warships
31:27 Bodkin Arrow
32:05 Chain Mail Armor
33:51 Padded Archer Armor
38:20 Bow Saw
40:43 Horse Collar
Balam
5:09 Loom
13:03 Feudal Age
17:04 Castle Age
17:07 Padded Archer Armor
20:31 Double-Bit Axe
21:54 Bow Saw
26:02 Leather Archer Armor
28:17 Husbandry
29:09 Wheelbarrow
29:36 Bloodlines
33:57 Gold Mining
33:57 Stone Mining
38:43 Imperial Age
37:02 Stone Shaft Mining
38:54 Fletching
39:30 Ballistics
39:32 Hand Cart
40:00 Ring Archer Armor
40:31 Chemistry
Connection lost

Rejoining the realm…

Still unreachable

The connection could not be restored.

Session expired

The server has moved on; the page needs a fresh start.